AoeStats
← bisantino1169

Arabia

510633246Analyzed
1v1 RM · 2d ago on Oct 1, 2026· 43m 43s· 2 players
Game mode
Random Map
Map size
Tiny (2 player)
Population
200
Speed
Normal
Resources
Standard
Victory
Conquest
Starting age
Dark Age
Ending age
Imperial Age
RankedLock teamsTeams togetherTeam positionsShared explorationLock speedFull tech treeHidden civsTurbo modeCheats
Victory
Defeat
🇺🇸 Vikings · United States
595
+17
🇨🇦 Gurjaras · Canada
623
-17
bisantino1169
12:48 Feudal Age
13:33 Arson
14:57 Double-Bit Axe
20:00 Castle Age
22:35 Bow Saw
23:05 Squires
22:27 Pikeman
31:39 Forging
37:10 Fletching
37:21 Padded Archer Armor
37:57 Iron Casting
40:06 Scale Barding Armor
39:57 Bodkin Arrow
40:17 Leather Archer Armor
Troy 809
6:28 Loom
11:13 Feudal Age
11:40 Town Watch
11:47 Double-Bit Axe
11:46 Horse Collar
16:30 Town Watch
17:31 Scale Barding Armor
18:56 Bloodlines
23:02 Castle Age
23:53 Husbandry
24:34 Chain Barding Armor
26:35 Town Patrol
28:31 Heavy Plow
29:32 Padded Archer Armor
29:23 Fletching
31:51 Scale Mail Armor
32:45 Forging
32:52 Chain Mail Armor
33:32 Bow Saw
33:20 Gold Mining
39:33 Iron Casting
Connection lost

Rejoining the realm…

Still unreachable

The connection could not be restored.

Session expired

The server has moved on; the page needs a fresh start.